Unix NetHack Version 5.0.0-0 post-release - last build Jul 14 2026 02:55:29 (1809b74e8187c3a3585e283601c3028b46cbbdcb,branch:main).

Game began 2026-07-15 21:56:30, ended 2026-07-16 20:06:43.

Anarchos, lawful female dwarven Valkyrie

                            -------     -------
                            |.....|--   |..|.>|
                            |...luk?|   |.....|
                          --|.eQE=|-|   |.--^---
                          |@&@@:RB-.|  --.|....----
                          |f|.Y`..|-| --..|.......|
                          |.|.....+.| |...|---....|
                          |.|.....|-- |...|..|....|
                          |.|------   |`..|.......|
                          |.|        --......|....--
                          |.|        |....|..|.....|
                          |.|        |....|--|.....|
                          |m|        |`..--  --.|..|
                          |.|        -----    |.----
                          |.-------------------..|
                          |...................^..|
                          ------------------------

Anarchos the Fighter        St:11 Dx:16 Co:20 In:10 Wi:8 Ch:7  Lawful
Dlvl:4  $:0  HP:0(93) Pw:2(2) AC:-3 Xp:8 T:7497 

Latest messages:
 M - a cockatrice corpse (wielded).
 N - a mummy wrapping.
 Click!  The invisible panther triggers a rolling boulder trap.
 Your invisible panther turns into an invisible bugbear!
 Your invisible bugbear turns into an invisible panther!
 That boulder is a small mimic!
 You begin bashing monsters with your cockatrice corpse.
 You hit the small mimic with the cockatrice corpse.
 The small mimic is slowing down.
 The small mimic turns to stone.
 You have trouble lifting a statue of a small mimic.  Continue? [ynq] (q) q
 You see here a statue of a small mimic.
 You learn more about your items by comparing them.
 d - an uncursed food ration (5 in total).
 The crocodile bites!
 The crocodile hits!
 You miss the crocodile.
 The crocodile bites!
 The crocodile misses!
 You miss the crocodile.
 You hit the crocodile with the cockatrice corpse.
 The crocodile is slowing down.
 The crocodile turns to stone.
 There is a statue of a crocodile here, but you cannot lift any more.
 You see here a statue of a crocodile.
 This door is locked.
 Unlock it with your key? [ynq] (q) y
 You succeed in unlocking the door.
 The incubus opens a door.
 The barrow wight throws a knife!
 The knife misses the incubus.
 A knife misses you.
 You miss the incubus.
 The Woodland-elf zaps a wand of magic missile!
 The magic missile misses the incubus.
 The magic missile whizzes by you!
 The magic missile bounces!
 The magic missile whizzes by you!
 The magic missile misses the incubus.
 The magic missile misses the Woodland-elf.
 The magic missile misses the iguana.
 The magic missile misses the rust monster.
 You feel very attracted to the incubus.
 The incubus murmurs in your ear, while helping you undress.
 "Shall I remove your cloak, lover?" [yn] (n) y
 "Shall I remove your dragon mail, dear?" [yn] (n) y
 "Shall I remove your gloves, dear?" [yn] (n) y
 You now wield a cockatrice corpse in your bare hands.
 You turn to stone...
 Do you want your possessions identified? [ynq] (y) q

Inventory:
 Amulets  ('"')
  i - an uncursed amulet of unchanging (being worn)
 Weapons  (')')
  b - 2 +0 daggers (at the ready)
  a - a rusty +1 dwarvish spear
 Armor    ('[')
  c - an uncursed burnt +3 small shield (being worn)
  x - an uncursed +0 dwarvish cloak
  L - an uncursed +0 mummy wrapping
  N - an uncursed +0 mummy wrapping
  E - a blessed rotproof +0 gray dragon scale mail
 Comestibles  ('%')
  A - an uncursed slime mold
  K - an uncursed carrot
  d - 5 uncursed food rations
  y - an uncursed fortune cookie
  C - an uncursed egg
  M - an uncursed cockatrice corpse (wielded)
  J - an uncursed female giant ant corpse
  t - an uncursed partly eaten lizard corpse
 Scrolls  ('?')
  H - a blessed scroll of blank paper
  G - a cursed scroll of remove curse
 Rings    ('=')
  n - an uncursed ring of regeneration (on right hand)
  k - an uncursed ring of see invisible (on left hand)
 Wands    ('/')
  g - a wand of digging (0:5)
 Tools    ('(')
  z - an uncursed bag of holding containing 47 items
  F - a magic marker (0:71)
  m - an uncursed magic whistle
  e - an uncursed oil lamp
  f - an uncursed skeleton key
  B - a +0 unicorn horn

Contents of the bag of holding:
  191 gold pieces
  a +0 bow
  5 +0 darts
  7 +0 shuriken
  an uncursed +0 leather cloak
  an uncursed +0 dwarvish mithril-coat
  5 uncursed food rations
  an uncursed scroll of stinking cloud
  an uncursed scroll of enchant weapon
  2 uncursed scrolls of identify
  an uncursed scroll of scare monster
  a cursed scroll of teleportation
  an uncursed scroll of magic mapping
  a cursed scroll of earth
  an uncursed scroll of earth
  an uncursed spellbook of healing
  an uncursed spellbook of healing
  an uncursed spellbook of magic mapping
  an uncursed spellbook of sleep
  an uncursed spellbook of wizard lock
  an uncursed potion of blindness
  an uncursed potion of healing
  an uncursed potion of monster detection
  2 uncursed potions of speed
  an uncursed ring of levitation
  an uncursed ring of conflict
  an uncursed ring of conflict
  an uncursed ring of conflict
  an uncursed +0 ring of adornment
  an uncursed ring of sustain ability
  an uncursed ring of polymorph control
  an uncursed ring of teleport control
  an uncursed ring of fire resistance
  a blessed +3 ring of increase damage
  an uncursed ring of regeneration
  an uncursed ring of regeneration
  a wand of undead turning (0:6)
  4 uncursed worthless pieces of black glass
  an uncursed obsidian stone
  an uncursed jade stone
  2 uncursed worthless pieces of orange glass
  an uncursed worthless piece of red glass
  an uncursed worthless piece of violet glass
  3 uncursed worthless pieces of white glass
  an uncursed worthless piece of yellow glass
  5 uncursed worthless pieces of yellowish brown glass
  4 uncursed flint stones

Anarchos the Valkyrie's attributes:

Background:
 You were a Fighter, a level 8 dwarven Valkyrie.
 You were lawful, on a mission for Tyr
 who was opposed by Odin (neutral) and Loki (chaotic).
 You were left-handed.
 You were in Sokoban, on level 4.
 You entered the dungeon 7497 turns ago.
 There was a new moon in effect when your adventure ended.
 You had 1704 experience points, 856 more were needed to attain level 9.

Basics:
 You had 0 out of 93 hit points.
 You had both energy points (spell power).
 Your armor class was 7.
 Your wallet was empty, but
 you had 191 zorkmids stashed away in your pack.
 Autopickup was on for all types.

Final Characteristics:
 Your strength was 11 (peak:14, limit:18/100).
 Your dexterity was 16 (limit:20).
 Your constitution was 20 (limit:20).
 Your intelligence was 10 (limit:16).
 Your wisdom was 8 (limit:16).
 Your charisma was 7 (limit:16).

Final Status:
 You weren't hungry.
 You were unencumbered.
 You were wielding a corpse.

Final Attributes:
 You were piously aligned.
 You were cold resistant.
 You saw invisible.
 You were telepathic.
 You had infravision.
 You were stealthy.
 You regenerated.
 You couldn't change from your current form.
 You are dead.

Miscellaneous:
 You didn't encounter any bones levels.
 Total elapsed playing time was 2 hours, 13 minutes and 51 seconds.

Major events:
 Turn
    1: Anarchos the lawful dwarven Valkyrie entered the dungeon
  929: made her first wish - "blessed fixed +4 gray dragon scale mail", got "a gray dragon scale mail"
 1374: attained the rank of Skirmisher (level 3)
 1911: entered the Gnomish Mines
 2932: reached Mine Town
 4398: attained the rank of Fighter (level 6)
 5859: entered Sokoban
 6054: completed 1st Sokoban level
 6302: completed 2nd Sokoban level
 6657: completed 3rd Sokoban level
 7325: completed 4th Sokoban level
 7497: petrified by losing gloves while wielding a cockatrice corpse

Spells:
 Name                 Level Category     Fail Retention
 wizard lock            2   matter       100%  76%-100%
 sleep                  3   enchantment  100%  76%-100%

Skills:
 Fighting Skills
   bare handed combat [Unskilled]
   two weapon combat  [Unskilled]
   riding             [Unskilled]
 Weapon Skills
   dagger             [Basic]
   axe                [Unskilled]
   pick-axe           [Unskilled]
   short sword        [Unskilled]
   broadsword         [Unskilled]
   long sword         [Unskilled]
   two-handed sword   [Unskilled]
   saber              [Unskilled]
   hammer             [Unskilled]
   quarterstaff       [Unskilled]
   polearms           [Unskilled]
   spear              [Expert]
   trident            [Unskilled]
   lance              [Unskilled]
   sling              [Unskilled]
 Spellcasting Skills
   attack spells      [Unskilled]
   escape spells      [Unskilled]

Voluntary challenges:
 Character rerolling was not enabled.
 You never genocided any monsters.
 You never polymorphed an object.
 You never changed form.
 You used 1 wish.
 You did not wish for any artifacts.
 You did not violate any of the special Sokoban rules.
Achievements:
 You entered a shop.
 You attained the rank of Skirmisher.
 You entered the Gnomish Mines.
 You entered Minetown.
 You entered a temple.
 You attained the rank of Fighter.
 You entered Sokoban.

 The Dungeons of Doom: levels 1 to 8
    Level 1:
       A sink, a grave.
    Level 2:
       A potion shop, a fountain.
    Level 3:
       A fountain.
       Stairs down to The Gnomish Mines.
    Level 4:
       A weapon shop.
    Level 5:
       A ring shop, a fountain.
    Level 6:
       A fountain.
    Level 7:
    Level 8:
       An altar.
       Stairs up to Sokoban, level 7.
 The Gnomish Mines: levels 4 to 7
    Level 4:
    Level 5:
    Level 6:
       A temple and an altar, some fountains.
    Level 7:
 Sokoban: levels 7 up to 4
    Level 4: <- You were here.
       Solved.
       Final resting place for
          you, petrified by losing gloves while wielding a cockatrice corpse.
    Level 5:
       Solved.
    Level 6:
       Solved.
    Level 7:
       Solved.


Vanquished creatures:
  a giant mimic
  a zruty
  a large mimic
  a small mimic
  2 ettin mummies
  2 flaming spheres
  3 gargoyles
  a crocodile
  a giant beetle
  2 cockatrices
  a rust monster
  a yeti
  2 lizards
  a dwarf leader
  2 black unicorns
  a raven
  a human zombie
  a rope golem
  a rock piercer
  2 shriekers
  a violet fungus
  2 gnome leaders
  3 gray oozes
  2 ghouls
  a straw golem
  a paper golem
  4 giant ants
  2 little dogs
  4 floating eyes
  a dwarf
  2 homunculi
  2 kobold shamans
  4 rothes
  2 centipedes
  2 giant bats
  a wererat
  2 werejackals
  2 acid blobs
  a coyote
  2 hobbits
  8 manes
  2 large kobolds
  2 giant rats
  2 brown molds
  a red mold
 14 gnomes
  2 garter snakes
  2 gnome zombies
  2 geckos
  6 jackals
  2 foxes
  4 kobolds
  a goblin
  2 sewer rats
  8 grid bugs
  4 bats
  9 lichens
 11 newts
151 creatures vanquished.

No species were genocided or became extinct.

Game over:
                       ----------
                      /          \
                     /    REST    \
                    /      IN      \
                   /     PEACE      \
                  /                  \
                  |     Anarchos     |
                  |      191 Au      |
                  |   petrified by   |
                  |  losing gloves   |
                  | while wielding a |
                  |    cockatrice    |
                  |       2026       |
                 *|     *  *  *      | *
        _________)/\\_//(\/(/\)/\//\/|_)_______

Farvel Anarchos the Valkyrie...

You turned to stone in Sokoban on dungeon level 4 with 7428 points,
and 191 pieces of gold, after 7497 moves.
You were level 8 with a maximum of 93 hit points when you turned to stone.

